 Dungeon Crawl Stone Soup version 0.27.1-3-gb3d3a73c9e (webtiles) character file.

Game seed: 2272950061059003333

0 ABBCCCDDDD the Sneak (level 1, 0/18 HPs)
             Began as a Barachi Delver on Oct 17, 2021.
             Slain by a gnoll (4 damage)
             ... on level 5 of the Dungeon.
             The game lasted 00:01:42 (243 turns).

ABBCCCDDDD the Sneak (Barachi Delver)                Turns: 243, Time: 00:01:43

Health: 0/18       AC:  3    Str: 13    XL:     1   Next: 10%
Magic:  1/1        EV: 12    Int: 10    God:
Gold:   10         SH:  0    Dex: 13    Spells: 0/0 levels left

rFire    . . .     SeeInvis .   a - +0 falchion
rCold    . . .     Faith    .   (no shield)
rNeg     . . .     Spirit   .   b - +0 leather armour
rPois    .         Reflect  .   (no helmet)
rElec    .         Harm     .   (no cloak)
rCorr    .         Rampage  .   (no gloves)
Will     .....                  (no boots)
Stlth    ++........             (no amulet)
HPRegen  0.06/turn              (no ring)
MPRegen  0.07/turn              (no ring)

@: unable to hop, slow
A: amphibious, slowness 1, strong legs 1, +LOS
a: Hop


You were on level 5 of the Dungeon.
You visited 1 branch of the dungeon, and saw 3 of its levels.

You collected 10 gold pieces.

Inventory:

Hand Weapons
 a - a +0 falchion (weapon)
Armour
 b - a +0 leather armour (worn)
Wands
 g - a wand of digging (3)
Scrolls
 c - a scroll of fog
 d - a scroll of magic mapping
 e - a scroll of fear
 h - a scroll of identify {unknown}
Potions
 f - a potion of haste


   Skills:
 + Level 3.6 Fighting
 * Level 2.4 Long Blades
 + Level 0.0 Armour
 + Level 2.2 Dodging
 - Level 4.5 Stealth


You couldn't memorise any spells.
You didn't know any spells.
Your spell library was empty.

Dungeon Overview and Level Annotations

Branches:
Dungeon (6/15)
 Temple: D:4-7

Altars:

Shops:
D:5 :?

Annotations:
D:5 exclusion: 2 upstairs


Innate Abilities, Weirdness & Mutations

You are amphibious.
You cover ground slowly.
You can hop short distances.
You have an extended range of vision and can be seen from far away.


Message History

The howler monkey hits you but does no damage.
The howler monkey misses you.
The orc wizard mumbles some strange words.
The orc wizard flickers and vanishes!
Deactivating autopickup; reactivate with Ctrl-A.
The howler monkey misses you.
The orc priest begins to cast a cantrip, but forgets the words!
The howler monkey barely misses you.
You feel less confused. The howler monkey barely misses you.
You riposte.
You hit the howler monkey.
The howler monkey is moderately wounded.
The orc priest miscasts a cantrip.
The howler monkey hoots and howls with incredible vigour!
The orc priest begins to cast a cantrip, but forgets the words!
There is a stone staircase leading up here.
The howler monkey barely misses you.
You climb upwards.
Level annotation: exclusion: 2 upstairs Reactivating autopickup.
There is a stone staircase leading down here.
Okay, then.
Okay, then.
Hop to where?
Press: ? - help, Dir - move target
Okay, then.
The howler monkey closely misses you.
The howler monkey hoots and howls with incredible vigour!
You hear a howl!
Hop to where?
Press: ? - help, Dir - move target
Okay, then.
The howler monkey hits you. The gnoll closely misses you.
Hop to where?
Press: ? - help, Dir - move target Boing!
The howler monkey hoots and howls with incredible vigour! x2
The gnoll hits you from afar with a +2 vorpal spear!
* * * LOW HITPOINT WARNING * * *
x2 The gnoll hits you from afar with a +2 vorpal spear.
You die...

..####....8.###
.....$......#.#
#../....>.....#
#........(....##
#.....8...∩(..8#
#..............###
#..$........<....
#######........#####
####8.h$.g@..####
####.g.......#
#....#g....#.#
#....h.....#
#..<.#$#.###
##.....#...
#.∩...##### #....##
#.>..#


You could see 2 howler monkeys and 3 gnolls.

Levels and vault maps discovered:
D:4:      kennysheep_slugbush, layout_cave_pools, mainiacjoe_overflow_brackets,
          nicolae_sif_muna_condensation, uniq_eustachio
D:5:      layout_basic, old_standard_altar, serial_shops, shop,
          nicolae_stop_n_shop_1, nicolae_shop_temple_entry_statues_fountains,
          nicolae_shop_trees, nicolae_stop_n_shop_2
D:6:      layout_loops_ring, amcnicky_altar_gilded, minmay_temple_entry_hall,
          minmay_strange_pillars

Notes
Turn   | Place    | Note
-------+----------+-------------------------------------------
     0 | D:5      | ABBCCCDDDD the Barachi Delver began the quest for the Orb.
     0 | D:5      | Reached XP level 1. HP: 18/18 MP: 1/1
     4 | D:5      | Found Diagyeff's Book Emporium.
   190 | D:4      | Noticed a jelly
   206 | D:4      | Noticed an orc wizard
   222 | D:6      | Noticed an orc priest
   223 | D:6      | Noticed an orc wizard
   225 | D:5      | Noticed a howler monkey
   225 | D:5      | Noticed a howler monkey
   243 | D:5      | Slain by a gnoll

Table legend: (Time is in decaauts)
 A = Elapsed time spent in this place.
 B = Non-inter-level travel time spent in this place.
 C = Inter-level travel time spent in this place.
 D = Time resting spent in this place.
 E = Time spent auto-exploring this place.
 F = Levels seen in this place.
 G = Mean time per level.
                   A        B        C        D        E       F      G
               +--------+--------+--------+--------+--------+-----+--------+
         Total |    261 |    261 |      0 |    141 |      0 |   3 |   87.0 |
       Dungeon |    261 |    261 |      0 |    141 |      0 |   3 |   87.0 |
               +--------+--------+--------+--------+--------+-----+--------+

Top non-repeatable levels by time:
     D:4: 216 daAuts
     D:5: 28 daAuts
     D:6: 16 daAuts

Table legend:
 A = Kills in this place as a percentage of kills in entire the game.
 B = Kills by you in this place as a percentage of kills by you in the entire game.
 C = Kills by friends in this place as a percentage of kills by friends in the entire game.
 D = Other kills in this place as a percentage of other kills in the entire game.
 E = Experience gained in this place as a percentage of experience gained in the entire game.
 F = Experience gained in this place divided by the number of levels of this place that you have seen.
                   A       B       C       D       E      F
               +-------+-------+-------+-------+-------+----------------------
         Total | 100.0 | 100.0 |   N/A |   N/A | 100.0 |   0.3
       Dungeon | 100.0 | 100.0 |   N/A |   N/A | 100.0 |   0.3
               +-------+-------+-------+-------+-------+----------------------

Action                   || total
-------------------------++-------
Melee: Falchion          ||     7
 Abil: Hop               ||     1
Armor: Leather armour    ||     4
Dodge: Dodged            ||    13
       Rpst.: Falchion   ||     2

Vanquished Creatures
  A kobold (D:4)
1 creature vanquished.
